 Dungeon Crawl Stone Soup version 0.17-a0-1648-g0a089d4 (webtiles) character file.

70 urechis the Magician (level 4, -4/24 HPs)
             Began as a Gargoyle Wizard on Aug 12, 2015.
             Killed from afar by urechis's ghost (8 damage)
             ... with a magic dart
             ... on level 3 of the Dungeon.
             The game lasted 00:03:09 (1990 turns).

urechis the Magician (Gargoyle Wizard)              Turns: 1990, Time: 00:03:10

Health: -4/24      AC:  5    Str: 10    XL:     4   Next: 21%
Magic:  3/9        EV: 11    Int: 20    God:
Gold:   133        SH:  0    Dex:  8    Spells: 1 memorised, 9 levels left

rFire  . . .     SeeInvis .     m - +0 dagger (venom)
rCold  . . .     Clarity  .     a - +0 robe
rNeg   + . .     SustAt   .     (no shield)
rPois  ∞         Gourm    .     b - +0 hat
rElec  +         Spirit   .     (no cloak)
rCorr  .         Warding  .     (no gloves)
rMut   .         Stasis   .     (no boots)
MR     .....                    (no amulet)
Stlth  ++........               (no ring)
                                (no ring)

@: not resistant to hostile enchantments, unstealthy
A: negative energy resistance 1, electricity resistance, unbreathing,
petrification resistance, rot immunity, AC +3
a: no special abilities


You were on level 3 of the Dungeon.
You were not hungry.

You visited 1 branch of the dungeon, and saw 3 of its levels.

You collected 133 gold pieces.

Inventory:

Hand weapons
 h - a +1 dagger of draining
 m - a +0 dagger of venom (weapon)
Armour
 a - a +0 robe (worn)
 b - a +0 hat (worn)
Jewellery
 g - an uncursed ring of poison resistance {unknown}
Scrolls
 e - a scroll of enchant armour {unknown}
 f - 2 scrolls of random uselessness {unknown}
 l - 2 scrolls of identify {unknown}
 n - 2 scrolls of recharging {unknown}
 o - a scroll of remove curse {unknown}
 r - a scroll of amnesia {unknown}
 u - a scroll of fog {unknown}
Potions
 i - a potion of lignification {unknown}
 k - 3 potions of mutation {unknown}
 q - a potion of heal wounds {unknown}
 s - a potion of beneficial mutation {unknown}
 t - a potion of cure mutation {unknown}
 v - a potion of cancellation {unknown}
Books
 c - a book of Minor Magic

   Spells                             Type                      Level
   a - Magic Dart                     Conjuration                  1
   b - Blink                          Translocation                2
   c - Call Imp                       Summoning                    2
   d - Repel Missiles                 Charms/Air                   2
   e - Slow                           Hexes                        2
   f - Conjure Flame                  Conjuration/Fire             3
   g - Mephitic Cloud                 Conjuration/Poison/Air       3
Comestibles
 d - 3 bread rations
 j - 2 slices of pizza
 p - a meat ration
 w - 3 chunks of flesh


   Skills:
 - Level 1.5 Dodging
 - Level 2.1 Stealth
 + Level 3.9 Spellcasting
 + Level 3.1 Conjurations
   Level 0.8 Summonings
   Level 0.8 Translocations


You had 9 spell levels left.
You knew the following spells:

 Your Spells              Type           Power        Failure   Level  Hunger
a - Magic Dart            Conj           ###.         3%          1    None


Dungeon Overview and Level Annotations

Branches:
Dungeon (3/15)

Altars:

Annotations:
D:3 urechis's ghost, average GrWz


Innate Abilities, Weirdness & Mutations

You are resistant to torment.
Your stone body is resilient (AC +3).
You are immune to poison.
You resist negative energy.
You are resistant to electric shocks.
You can survive without breathing.
You are immune to petrification.
You are immune to rotting.


Message History

Aiming: Magic Dart
Press: ? - help, Shift-Dir - straight line, f/p - urechis's ghost
Aim: urechis's ghost, wielding a weapon of freezing (heavily damaged)
The magic dart hits urechis's ghost.
Urechis's ghost is heavily damaged.
Casting: Magic Dart
Confirm with . or Enter, or press ? or * to list all spells.
Aiming: Magic Dart
Press: ? - help, Shift-Dir - straight line, f/p - urechis's ghost
Aim: urechis's ghost, wielding a weapon of freezing (heavily damaged)
The magic dart hits urechis's ghost.
Urechis's ghost is heavily damaged.
Urechis's ghost points at you and mumbles some strange words.
The magic dart hits you!
Ouch! That really hurt!
* * * LOW HITPOINT WARNING * * *
An adder comes into view.
Urechis's ghost points at you and mumbles some strange words.
The magic dart hits you!
You die...

###.PP♣
#.#P♣ #.# P
#.# #.# #.#
#.#
##########.#
#...@......#
#W##########
#. #. #. #.
#. #S


You could see urechis's ghost.

Vanquished Creatures
  2 adders (D:2)
  4 worms (D:2)
  5 bats (D:1)
  3 giant cockroaches
  4 goblins
  5 hobgoblins
  6 jackals
  3 kobolds
  A quokka (D:3)
  3 giant geckos
  3 giant newts
  2 rats
41 creatures vanquished.

Notes
Turn   | Place    | Note
--------------------------------------------------------------
     0 | D:1      | urechis the Gargoyle Wizard began the quest for the Orb.
     0 | D:1      | Reached XP level 1. HP: 10/10 MP: 4/4
   241 | D:1      | Reached XP level 2. HP: 9/15 MP: 0/6
   750 | D:2      | Reached XP level 3. HP: 15/19 MP: 7/7
  1773 | D:2      | Reached XP level 4. HP: 13/24 MP: 2/9
  1940 | D:3      | Noticed urechis's ghost (average GrWz)
  1990 | D:3      | Killed from afar by urechis's ghost

Vault maps used:
D:1:      dpeg_arrival_more_subterranean_lakeside_camping
D:3:      serial_forest, infiniplex_forest_straight_4, infiniplex_forest_end_2,
          infiniplex_forest_clump_medium, infiniplex_forest_zigzag_2,
          infiniplex_forest_lined_corner, infiniplex_forest_lined_room_,
          infiniplex_forest_lined_ring, infiniplex_forest_clump_curved,
          first_bread, st_stairs_14, minmay_bisected, uniq_natasha

Action                   |  1- 3 |  4- 6 || total
-------------------------+-------+-------++-------
Melee: Unarmed           |     4 |       ||     4
       Dagger            |    74 |     6 ||    80
 Cast: Magic Dart        |    43 |    19 ||    62
 Stab: Sleeping          |     2 |       ||     2
  Eat: Chunk             |     1 |     2 ||     3
